 Dungeon Crawl Stone Soup version 0.31.0-12-g77e489cdc1 (webtiles) character file.

Game seed: 16967318404557493755

4387 Killerpretzel the Mimic (level 10, -3/69 HPs)
             Began as an Octopode Shapeshifter on Mar 2, 2024.
             Was a Believer of Vehumet.
             Slain by a wight
             ... wielding a +3 halberd of freezing
              (14 damage)
             ... on level 8 of the Dungeon.
             The game lasted 00:13:45 (7985 turns).

Killerpretzel the Mimic (Octopode Shapeshifter)     Turns: 7985, Time: 00:13:46

Health: -3/69      AC:  1    Str: 23    XL:     10   Next: 35%
Magic:  28/28      EV: 22    Int: 12    God:    Vehumet [**....]
Gold:   483        SH:  0    Dex: 17    Spells: 9/9 levels left

rFire   . . .        u - +8 falchion "Keingar" {elec, MP+9 Str+4 SInv}
rCold   . . .        (no shield)
rNeg    . . .        (helmet currently unavailable)
rPois   .            m - amulet of faith
rElec   .            d - +5 ring of evasion
rCorr   .            v - ring of willpower
SInv    +            w - ring of Xom's Malicious Joy {Will+ MP+9 Str+6 SInv}
Will    ++...        (no ring)
Stlth   +++          (no ring)
HPRegen 0.31/turn    (no ring)
MPRegen 0.21/turn    (no ring)
                     (no ring)

%: faith
@: beast-form
A: beast (slay +4), almost no armour, amphibious, 8 rings, camouflage 1,
gelatinous body 1, (nimble swimmer 1), tentacles
a: Begin Untransformation, Renounce Religion


You were on level 8 of the Dungeon.
You worshipped Vehumet.
Vehumet was pleased with you.
You were a hulking beast.
You visited 2 branches of the dungeon, and saw 9 of its levels.

You collected 483 gold pieces.

Inventory:

Hand Weapons
 u - the +8 falchion "Keingar" (weapon) {elec, MP+9 Str+4 SInv}
   (You took it off an orc wizard on level 6 of the Dungeon)

   Str+4:     It affects your strength (+4).
   MP+9:      It affects your magic capacity (+9).
   SInv:      It lets you see invisible.
Jewellery
 d - a +5 ring of evasion (left tentacle)
 m - an amulet of faith (around mantle)
 v - a ring of willpower (right tentacle)
 w - the ring of Xom's Malicious Joy (on tentacle) {Will+ MP+9 Str+6 SInv}
   (You found it on level 7 of the Dungeon)

   [ring of strength]

   Str+6:     It affects your strength (+6).
   Will+:     It increases your willpower.
   MP+9:      It affects your magic capacity (+9).
   SInv:      It lets you see invisible.
 y - a ring of resist corrosion
Talismans
 b - a beast talisman
 c - a flux talisman
Wands
 o - a wand of flame (9)
 p - a wand of polymorph (2)
 r - a wand of paralysis (13)
Scrolls
 h - 2 scrolls of teleportation
 k - 2 scrolls of fear
 n - a scroll of blinking
 q - 2 scrolls of immolation
 t - a scroll of enchant weapon
Potions
 a - 3 potions of lignification
 e - a potion of ambrosia {unknown}
 f - a potion of berserk rage {unknown}
 g - 3 potions of curing
 i - 2 potions of brilliance {unknown}
 j - 2 potions of degeneration {unknown}
 l - a potion of haste {unknown}
 s - a potion of might {unknown}
 x - a potion of resistance {unknown}
 z - a potion of enlightenment {unknown}


   Skills:
 + Level 6.6 Fighting
 + Level 6.8 Dodging
 + Level 7.3 Unarmed Combat
 * Level 9.2 Shapeshifting


You had 9 spell levels left.
You didn't know any spells.
Your spell library contained the following spells:

 Spells                   Type           Power      Damage    Failure   Level
 Momentum Strike          Conj/Tloc      0%         3d8       45%         2
 Cigotuvi's Dreadful Rot  Necr/Alch/Air  0%         N/A       45%         2
 Call Canine Familiar     Summ           0%         N/A       69%         3
 Hailstorm                Conj/Ice       0%         3d5       69%         3
 Inner Flame              Hex/Fire       0%         N/A       69%         3
 Sigil of Binding         Hex            0%         N/A       69%         3
 Summon Ice Beast         Ice/Summ       0%         N/A       69%         3
 Animate Dead             Necr           0%         N/A       97%         4
 Dimensional Bullseye     Hex/Tloc       0%         N/A       97%         4
 Ignite Poison            Fire/Alch      0%         N/A       97%         4
 Freezing Cloud           Conj/Ice/Air   0%         6-21      100%        5
 Irradiate                Conj/Alch      0%         3d11      100%        5
 Sculpt Simulacrum        Ice/Alch       0%         N/A       100%        6
 Haunt                    Necr/Summ      0%         N/A       100%        7
 Ignition                 Fire           0%         3d3       100%        8
 Infestation              Necr           0%         N/A       100%        8


Dungeon Overview and Level Annotations

Branches:
Dungeon (8/15)             Temple (1/1) D:6
   Lair: D:8-11

Altars:
Ashenzari
Cheibriados
Dithmenos
Fedhas
Gozag
Hepliaklqana
Makhleb
Nemelex Xobeh
Okawaru
Qazlal
Ru
Trog
Uskayaw
Vehumet
Xom
Yredelemnul
Zin
The Shining One

Annotations:
D:5 exclusion: 2 lemures, Pikel
D:8 2 transporters


Innate Abilities, Weirdness & Mutations

You are a hulking beast.
Your limbs bulge with bestial killing power. (Slay +4)
You cannot wear most types of armour.
You are amphibious.
You can wear up to eight rings at the same time.
Your skin changes colour to match your surroundings (Stealth+).
Your rubbery body absorbs attacks. (AC +1, EV +1)
((You are camouflaged when in or above water. (Stealth+)))
You have tentacles for arms and can constrict up to eight enemies at once.


Message History

You kill the orc wizard!
Vehumet accepts your kill. The orc hits you with a +0 club.
The wight misses you.
You closely miss the orc. You grab the orc.
You squeeze the orc, but do no damage. You constrict the orc.
The orc misses you. The wight completely misses you.
The wight hits you from afar with a +3 halberd of freezing!
The wight freezes you. The orc completely misses you.
You hit the orc but do no damage. Lightning courses through the orc!
You kill the orc!
Vehumet accepts your kill. The wight completely misses you.
The wight completely misses you.
Items here: ( )) [.
You feel better.
The wight hits you with a +1 spear of venom.
Things that are here:
a +0 short sword; a kobold corpse You slash the wight!
You grab the wight. You squeeze the wight.
The wight is almost destroyed.
You constrict the wight. The wight barely misses you.
You hit the wight.
You destroy the wight!
Vehumet accepts your kill. The wight completely misses you.
The kobold closely misses you.
Your life force feels restored.
You slash the kobold!
You kill the kobold!
Vehumet accepts your kill.
The wight hits you from afar with a +3 halberd of freezing!!
* * * LOW HITPOINT WARNING * * *
The wight freezes you.
* * * LOW HITPOINT WARNING * * *
A wight and a steam dragon come into view.
The wight closely misses you.
The steam dragon moves out of view.
Items here: (( ))))))) [[[ †††.
You closely miss the wight. Your grab misses the wight. The wight misses you.
You closely miss the wight. You grab the wight. You constrict the wight.
The wight hits you with a +3 halberd of freezing!
You die...

##### #...# #### #...#
#... #...# #.## #####
########...###.#
......##...........##.##
.....zzh................
.....z##)#########.##.##
..... #)# #.##.## ....
#.# #...... ... ..#
#####.. .. .### #). # ..
#.) #+ #.. ## #..


You could see 3 wights.

Vanquished Creatures
  Psyche (D:8)
  Eustachio (D:5)
  A steam dragon (D:8)
  4 vampire mosquitoes
  An acid dragon (D:8)
  2 water moccasins
  An orc warrior (D:8)
  2 ogres
  A kobold brigand (D:8)
  5 phantoms
  3 scorpions
  3 bullfrogs
  13 wights
  5 killer bees (D:8)
  A howler monkey (D:6)
  3 bombardier beetles
  2 jellies (D:6)
  2 gnoll boudas
  4 hounds
  5 iguanas
  A sleepcap (Temple)
  Ijyb (D:3)
  11 orc wizards
  14 adders
  14 gnolls
  A shadow imp (D:4)
  A white imp (D:8)
  A dart slug (D:1)
  A ribbon worm (D:2)
  20 orcs
  5 bats
  9 endoplasms
  11 goblins
  7 hobgoblins
  4 jackals (D:3)
  5 quokkas (D:1)
  8 ball pythons
  2 frilled lizards
  9 kobolds
  5 rats
190 creatures vanquished.

Notes
Turn   | Place    | Note
-------+----------+-------------------------------------------
     0 | D:1      | Killerpretzel the Octopode Shapeshifter began the quest for
                  | the Orb.
     0 | D:1      | Reached XP level 1. HP: 13/13 MP: 1/1
    97 | D:1      | Reached XP level 2. HP: 18/18 MP: 2/2
   466 | D:1      | Reached XP level 3. HP: 23/23 MP: 3/3
   851 | D:2      | Reached XP level 4. HP: 22/29 MP: 4/4
  1444 | D:3      | Noticed Ijyb
  1458 | D:3      | Killed Ijyb
  1459 | D:3      | Reached skill level 4 in Shapeshifting
  1459 | D:3      | Reached XP level 5. HP: 16/34 MP: 5/5
  1755 | D:3      | Found a faded altar of an unknown god.
  2216 | D:4      | Reached XP level 6. HP: 38/41 MP: 6/6
  2425 | D:4      | Reached skill level 5 in Shapeshifting
  2657 | D:4      | Reached XP level 7. HP: 43/46 MP: 7/7
  3118 | D:5      | Entered Level 5 of the Dungeon
  3165 | D:5      | Noticed Eustachio
  3186 | D:5      | Killed Eustachio
  3515 | D:5      | Reached XP level 8. HP: 41/54 MP: 8/8
  3684 | D:5      | Reached skill level 5 in Unarmed Combat
  3684 | D:5      | Reached skill level 6 in Shapeshifting
  3702 | D:5      | Noticed Pikel
  4347 | D:6      | Found a staircase to the Ecumenical Temple.
  4358 | Temple   | Entered the Ecumenical Temple
  4511 | Temple   | Became a worshipper of Vehumet
  4558 | Temple   | Reached skill level 5 in Dodging
  4588 | Temple   | Reached skill level 7 in Shapeshifting
  4591 | Temple   | Reached XP level 9. HP: 13/60 MP: 9/9
  4756 | Temple   | Reached skill level 5 in Fighting
  5171 | D:6      | Reached * piety under Vehumet
  5171 | D:6      | Offered knowledge of Kiss of Death by Vehumet.
  5615 | D:6      | Identified the +8 falchion "Keingar" {elec, MP+9 Str+4
                  | SInv}
  5621 | D:6      | Reached skill level 8 in Shapeshifting
  6112 | D:7      | Identified the ring of Xom's Malicious Joy {Will+ MP+9
                  | Str+6 SInv}
  6472 | D:7      | Reached ** piety under Vehumet
  6477 | D:7      | Offered knowledge of Shock by Vehumet.
  7129 | D:8      | Found a transporter.
  7146 | D:8      | Reached XP level 10. HP: 24/68 MP: 10/10
  7525 | D:8      | Found a transporter.
  7723 | D:8      | Noticed Psyche
  7731 | D:8      | Killed Psyche
  7732 | D:8      | Reached skill level 9 in Shapeshifting
  7969 | D:8      | Offered knowledge of Momentum Strike by Vehumet.
  7985 | D:8      | Slain by a wight

Illustrated notes

Levels and vault maps discovered:
D:1:      minmay_arrival_split_and_join, layout_basic, feat_on_display
D:2:      layout_loops_ring
D:3:      layout_basic, nicolae_ecumenical_snake_handling, uniq_ijyb
D:4:      layout_gridville, skrybe_limestone_x, nrook_mini_backslash
D:5:      layout_loops_cross, uniq_eustachio, uniq_pikel
D:6:      minmay_flawed_box, layout_cave_pools, minmay_temple_entry_mist
D:7:      layout_basic
D:8:      layout_basic, mainiacjoe_overflow_alcove_3,
          gammafunk_ghost_abyssal_escape, kennysheep_generic_room_10,
          uniq_psyche
Temple:   dpeg_five_rooms_temple

Skill      XL: |  1  2  3  4  5  6  7  8  9 10 |
---------------+-------------------------------+-----
Fighting       | 2 3 4 6 |  6.6
Shapeshifting  | 4 5 7 8 9 |  9.2
Dodging        | 3 4 5 6 |  6.8
Unarmed Combat | 4 5 6 7 |  7.3

Action                     |  1- 3 |  4- 6 |  7- 9 | 10-12 || total
---------------------------+-------+-------+-------+-------++-------
  Melee: Unarmed           |    63 |   116 |   198 |       ||   377
         Tentacles         |    12 |    21 |    62 |     9 ||   104
         Constrict         |    18 |    26 |    54 |    16 ||   114
         Punch             |     2 |     6 |    16 |     1 ||    25
         Falchion          |       |       |    39 |    48 ||    87
  Throw: Throwing net      |       |       |       |     1 ||     1
    Use: Scroll            |     1 |     7 |     3 |       ||    11
         Potion            |       |       |       |     1 ||     1
   Stab: Sleeping          |     5 |     4 |     6 |       ||    15
         Distracted        |       |       |     1 |       ||     1
         Held in net/web   |       |       |       |     1 ||     1
 Armour: Skin              |    31 |    37 |    91 |    24 ||   183
  Dodge: Dodged            |    51 |   100 |   232 |    58 ||   441
